 Dungeon Crawl Stone Soup version 0.25-b1-23-ge2ad7d536c (webtiles) character file.

Game seed: 336116679253837321, levelgen mode: deterministic

3120 dorian the Cleaver (level 9, 0/51 HPs)
             Began as a Gargoyle Fighter on June 2, 2020.
             Was a Believer of Okawaru.
             Slain by an orc warrior
             ... wielding a +0 scimitar
              (9 damage)
             ... on level 7 of the Dungeon.
             The game lasted 00:13:04 (6856 turns).

dorian the Cleaver (Gargoyle Fighter)               Turns: 6856, Time: 00:13:05

Health: 0/51       AC: 24    Str: 25    XL:     9   Next: 91%
Magic:  9/9        EV:  5    Int:  8    God:    Okawaru [**....]
Gold:   342        SH:  9    Dex: 10    Spells: 8/8 levels left

rFire    . . .     SeeInvis .   r - +3 hand axe "Nupsoze" {holy, Str+2}
rCold    . . .     Gourm    .   c - +0 kite shield
rNeg     + . .     Faith    .   C - +0 plate armour
rPois    ∞         Spirit   .   (no helmet)
rElec    +         Reflect  .   (no cloak)
rCorr    .         Harm     .   (no gloves)
MR       .....                  (no boots)
Stlth    ..........             x - amulet of the acrobat
HPRegen  0.17/turn              o - ring of flight
MPRegen  0.11/turn              u - +4 ring of protection

@: no status effects
A: negative energy resistance 1, electricity resistance, unbreathing,
petrification resistance, rot immunity, AC +6
a: Heroism, Renounce Religion, Evoke Flight


You were on level 7 of the Dungeon.
You worshipped Okawaru.
Okawaru was pleased with you.
You were hungry.

You visited 1 branch of the dungeon, and saw 7 of its levels.

You collected 342 gold pieces.

Inventory:

Hand Weapons
 a - a +0 war axe
 r - the +3 hand axe "Nupsoze" (weapon) {holy, Str+2}
   (You found it on level 4 of the Dungeon)

   It has been blessed by the Shining One to cause great damage to the undead
   and demons.
   It affects your strength (+2).
 A - a +3 vorpal dire flail
Missiles
 n - 6 silver javelins (quivered)
Armour
 c - a +0 kite shield (worn)
 B - a +0 chain mail
 C - a +0 plate armour (worn)
Jewellery
 o - a ring of flight (left hand)
 u - a +4 ring of protection (right hand)
 x - an amulet of the acrobat (around neck)
Wands
 p - a wand of digging (4)
 y - a wand of polymorph (5)
 F - a wand of disintegration (12)
Scrolls
 e - 2 scrolls of enchant armour {unknown}
 g - 5 scrolls of identify
 h - 4 scrolls of fear {unknown}
 j - 2 scrolls of immolation
 q - 2 scrolls of magic mapping {unknown}
 s - 2 scrolls of remove curse
 v - 2 scrolls of fog {unknown}
 w - 6 scrolls of enchant weapon {unknown}
 E - 3 scrolls of teleportation {unknown}
 G - a scroll of random uselessness {unknown}
Potions
 b - 2 potions of might
 d - a potion of flight {unknown}
 i - a potion of haste {unknown}
 k - 2 potions of mutation
 l - 3 potions of curing
 m - 6 potions of heal wounds
 t - 3 potions of brilliance
 z - 2 potions of lignification {unknown}
 D - a potion of stabbing {unknown}
 H - a potion of magic {unknown}
Comestibles
 f - 13 rations


   Skills:
 - Level 3.2 Fighting
 * Level 10.2 Axes
 + Level 9.2 Armour
 - Level 3.2 Shields


You had 8 spell levels left.
You didn't know any spells.
Your spell library contained the following spells:

 Spells                   Type           Power        Failure   Level  Hunger
 Beastly Appendage        Tmut           #.....       100%        1    ##.....
 Corona                   Hex            #......      100%        1    ##.....
 Magic Dart               Conj           #...         100%        1    ##.....
 Ensorcelled Hibernation  Hex/Ice        #.....       100%        2    ###....
 Searing Ray              Conj           #.....       100%        2    ###....
 Sticks to Snakes         Tmut           #.......     100%        2    ###....
 Confusing Touch          Hex            #.......     100%        3    ####...
 Dazzling Flash           Conj/Hex       #.....       100%        3    ####...
 Spider Form              Tmut/Pois      #.........   100%        3    ####...
 Tukima's Dance           Hex            #.......     100%        3    ####...
 Fulminant Prism          Conj/Hex       #.........   100%        4    #####..
 Ice Form                 Ice/Tmut       #.......     100%        4    #####..
 Iskenderun's Mystic Bla  Conj/Tloc      #.......     100%        4    #####..
 Blade Hands              Tmut           #.........   100%        5    ######.


Dungeon Overview and Level Annotations

Branches:
Dungeon (7/15)             Temple (0/1) D:7

Altars:
Gozag
Okawaru
Wu Jian


Innate Abilities, Weirdness & Mutations

You are resistant to torment.
Your stone body is resilient. (AC +6)
You are immune to poison.
You resist negative energy. (rN+)
You are resistant to electric shocks. (rElec)
You can survive without breathing.
You are immune to petrification.
You are immune to rotting.


Message History

The orc warrior hits you with a +0 scimitar.
* * * LOW HITPOINT WARNING * * *
You hit the orc warrior but do no damage.
The orc warrior is severely wounded.
The orc warrior hits you but does no damage.
You barely miss the orc warrior.
The orc warrior is severely wounded.
You hit the orc warrior but do no damage.
The orc warrior is severely wounded.
You block the orc warrior's attack.
Your shield and plate armour prevent you from hitting the orc warrior.
The orc warrior is severely wounded.
The orc warrior hits you with a +0 scimitar!
* * * LOW HITPOINT WARNING * * *
You closely miss the orc warrior.
The orc warrior is severely wounded.
You hit the orc warrior.
The orc warrior is almost dead.
The orc warrior hits you with a +0 scimitar!
You die...

#######...
#.......##
#.#####.##
#######.#####.##
#..........##.##
##
#.#####.##.##.##
##.##.#
#.##.##...
#####.....#
#........#
#.....o@###
###.#.....
#.####))#
#...##.# #...#
######.. #.....
####..# #.....
#....## #.##...
.#.##..# .. ....
[.....#. ##.
..... #....
##.#.


You could see an orc warrior.

Vanquished Creatures
  Grinder (D:5)
  A hippogriff (D:7)
  A hungry ghost (D:7)
  Edmund (D:4)
  4 sky beasts
  An orc warrior (D:7)
  2 necrophages
  A phantom (D:6)
  2 centaurs
  3 ogres
  2 big kobolds
  A scorpion (D:5)
  A water moccasin skeleton (D:4)
  A howler monkey (D:6)
  A centaur zombie (D:4)
  A crimson imp (D:7)
  4 bullfrog zombies
  A jelly (D:5)
  2 hounds
  3 orc priests (D:7)
  5 orc wizards
  2 centaur skeletons
  An iguana (D:5)
  4 bullfrog skeletons
  3 worker ants
  2 hound zombies (D:4)
  2 worker ant zombies (D:4)
  4 gnolls (D:4)
  A howler monkey skeleton (D:4)
  10 adders
  3 adder zombies (D:4)
  An adder skeleton (D:5)
  3 worms
  A dart slug (D:2)
  5 leopard geckos
  11 orcs
  3 ball pythons
  7 giant cockroaches
  11 goblins
  15 hobgoblins
  5 jackals (D:6)
  25 kobolds
  3 quokkas
  3 bats
  6 frilled lizards
  A giant cockroach zombie (D:4)
  A jackal skeleton (D:5)
  A quokka skeleton (D:7)
  6 rats
179 creatures vanquished.

Vanquished Creatures (others)
  An orc wizard (D:7)
1 creature vanquished.

Grand Total: 180 creatures vanquished

Notes
Turn   | Place    | Note
-------+----------+-------------------------------------------
     0 | D:1      | dorian the Gargoyle Fighter began the quest for the Orb.
     0 | D:1      | Reached XP level 1. HP: 14/14 MP: 1/1
    59 | D:1      | Reached skill level 2 in Axes
   167 | D:1      | Reached XP level 2. HP: 19/19 MP: 2/2
   509 | D:1      | Reached XP level 3. HP: 23/23 MP: 3/3
   887 | D:2      | Reached skill level 3 in Axes
  1397 | D:2      | Reached XP level 4. HP: 28/28 MP: 4/4
  2214 | D:3      | Found a faded altar of an unknown god.
  2260 | D:3      | Reached skill level 4 in Axes
  2260 | D:3      | Reached XP level 5. HP: 28/32 MP: 5/5
  2374 | D:3      | Noticed a big kobold
  2387 | D:3      | Killed a big kobold
  2397 | D:3      | Reached XP level 6. HP: 17/37 MP: 6/6
  3004 | D:4      | Reached skill level 5 in Armour
  3265 | D:4      | Reached skill level 5 in Axes
  3378 | D:4      | Got a shimmering hand axe
  3379 | D:4      | Identified the cursed +3 hand axe "Nupsoze" {holy, Str+2}
                  | (You found it on level 4 of the Dungeon)
  3525 | D:4      | Noticed Edmund
  3535 | D:4      | Reached XP level 7. HP: 41/41 MP: 7/7
  3559 | D:4      | Killed Edmund
  3565 | D:4      | Reached skill level 6 in Axes
  3836 | D:4      | Found an opulent altar of Gozag.
  3952 | D:5      | Entered Level 5 of the Dungeon
  4038 | D:5      | Reached XP level 8. HP: 18/46 MP: 8/8
  4230 | D:5      | Found an iron altar of Okawaru.
  4240 | D:5      | Became a worshipper of Warmaster Okawaru
  4319 | D:5      | Reached skill level 7 in Axes
  4514 | D:5      | Noticed Grinder
  4523 | D:5      | Paralysed by Grinder for 7 turns
  4542 | D:5      | Killed Grinder
  4999 | D:5      | Reached * piety under Okawaru
  4999 | D:5      | Reached skill level 8 in Axes
  5424 | D:6      | Found an ornate altar of the Wu Jian Council.
  5606 | D:6      | Reached XP level 9. HP: 48/51 MP: 9/9
  6142 | D:7      | Reached skill level 9 in Axes
  6199 | D:7      | Reached ** piety under Okawaru
  6343 | D:7      | Found a staircase to the Ecumenical Temple.
  6457 | D:7      | Reached skill level 10 in Axes
  6856 | D:7      | Slain by an orc warrior

Illustrated notes

Levels and vault maps discovered:
D:1:      onia_arrival_pentagram, layout_basic, st_stairs_14,
          lemuel_old_faithful
D:2:      layout_rooms, hangedman_abyss_or_decor_lesser_grid
D:3:      cheibrodos_thug_alley, layout_basic, chequers_ecumenical_altar_simple,
          first_ration
D:4:      layout_loops_cross, serial_undead, serial_undead_e, serial_undead_b,
          serial_undead_b, serial_undead_f, serial_undead_c, serial_undead_a,
          serial_undead_c, serial_undead_b,
          nicolae_gozag_cash_rules_everything_around_me, uniq_edmund
D:5:      layout_gridville, lemuel_round_altar, uniq_grinder
D:6:      layout_basic, nicolae_overflow_crystal_walls, serial_curves,
          eino_curves_04, eino_curves_03
D:7:      layout_loops_cross, minmay_temple_entry_drinking_statues, basic_altar

Skill      XL: |  1  2  3  4  5  6  7  8  9 |
---------------+----------------------------+-----
Axes           | 2 3 4 5 6 8 10 | 10.2
Armour         | 4 5 6 7 9 |  9.2
Fighting       | |  3.2
Shields        | |  3.2

Action                   |  1- 3 |  4- 6 |  7- 9 || total
-------------------------+-------+-------+-------++-------
Melee: War axe           |   140 |   178 |       ||   318
       Hand axe          |       |    22 |   387 ||   409
 Abil: Evoke Flight      |       |     1 |       ||     1
  Use: Scroll            |       |       |     6 ||     6
       Potion            |       |       |     2 ||     2
 Stab: Sleeping          |       |       |     1 ||     1
  Eat: Chunk             |     2 |     6 |     8 ||    16
       Ration            |       |       |     2 ||     2
Armor: Scale mail        |    79 |   112 |    15 ||   206
       Chain mail        |       |       |    54 ||    54
       Plate armour      |       |       |   115 ||   115
Dodge: Dodged            |    63 |    49 |    77 ||   189
Block: Kite shield       |    76 |   104 |   148 ||   328
